 Dungeon Crawl Stone Soup version 0.19.5 (webtiles) character file.

61 Patchouli the Insei (level 3, -3/28 HPs)
             Began as a Demigod Transmuter on Mar 17, 2017.
             Killed by divine providence
             ... invoked by an orc priest
              (13 damage)
             ... on level 3 of the Dungeon.
             The game lasted 00:09:18 (1133 turns).

Patchouli the Insei (Demigod Transmuter)            Turns: 1133, Time: 00:09:19

Health: -3/28      AC:  2    Str: 13    XL:     3   Next: 58%
Magic:  3/8        EV: 13    Int: 19    God:
Gold:   133        SH:  0    Dex: 16    Spells: 3 memorised, 0 levels left

rFire  . . .     SeeInvis .       - Unarmed
rCold  . . .     Gourm    .     b - +0 robe
rNeg   . . .     Faith    .     (no shield)
rPois  .         Spirit   .     (no helmet)
rElec  .         Reflect  .     (no cloak)
rCorr  .         Harm     .     (no gloves)
MR     .....                    (no boots)
Stlth  +.........               (no amulet)
                                (no ring)
                                (no ring)

@: very slightly contaminated
A: high mp 1
a: no special abilities


You were on level 3 of the Dungeon.
You were hungry.

You visited 1 branch of the dungeon, and saw 3 of its levels.

You collected 133 gold pieces.

Inventory:

Missiles
 a - 35 arrows
Armour
 b - a +0 robe (worn)
Jewellery
 m - an uncursed amulet of harm {unknown}
Scrolls
 f - 4 scrolls of identify {unknown}
 g - 2 scrolls of remove curse {unknown}
 k - a scroll of magic mapping {unknown}
 o - 3 scrolls of enchant armour {unknown}
Potions
 e - a potion of beneficial mutation {unknown}
 i - a potion of resistance {unknown}
 j - a potion of agility {unknown}
 l - 2 potions of curing {unknown}
Books
 c - a book of Changes

   Spells                             Type                      Level
   a - Beastly Appendage              Transmutation                1
   b - Sticks to Snakes               Transmutation                2
   c - Spider Form                    Transmutation/Poison         3
   d - Ice Form                       Ice/Transmutation            4
   e - Blade Hands                    Transmutation                5
Comestibles
 d - 4 bread rations
 h - 2 slices of pizza
 n - 4 chunks of flesh


   Skills:
 + Level 1.4 Fighting
 + Level 2.0 Dodging
 * Level 3.3 Unarmed Combat
 + Level 2.1 Spellcasting
 * Level 2.4 Transmutations
 * Level 0.3 Poison Magic


You couldn't memorise any spells.
You knew the following spells:

 Your Spells              Type           Power        Failure   Level  Hunger
a - Beastly Appendage     Tmut           ##....       10%         1    #......
b - Sticks to Snakes      Tmut           ##......     12%         2    ##.....
c - Spider Form           Tmut/Pois      #.........   34%         3    ###....


Dungeon Overview and Level Annotations

Branches:
Dungeon (3/15)


Innate Abilities, Weirdness & Mutations

You have an increased reservoir of magic. (+10% MP)


Message History

Press: ? - help, Dir - move target cursor, f - orc
Aim: an orc Attack!
The orc hits your ball python.
Your ball python dies!
Casting: Sticks to Snakes
Confirm with . or Enter, or press ? or * to list all spells.
You miscast Sticks to Snakes.
You are very lightly contaminated with residual magic.
Your skin glows momentarily.
You are feeling hungry.
Some of the chunks of flesh in your inventory have rotted away.
Found 3 scrolls labeled DEUD LALEOLOXO.
You see here 3 scrolls labeled DEUD LALEOLOXO.
o - 3 scrolls labeled DEUD LALEOLOXO The orc priest mumbles some strange prayers to Beogh against you.
Beogh smites you!
Ouch! That really hurt!
The orc priest calls down the wrath of Beogh upon you.
Beogh smites you!
You die...

#.## #.# #.# #.# #.#
###o## #+# #....# ...
#.#S.### #### ...
#.#..S.# #.. ...
#..#.#o# #.#######. ...
##....#.######.#.......
...
........@.<.).........+
)..
###......######.#...####
... #...#### #.##.## ...
##.# #.# ## ... #. ...
+# # .#. #. .# .. ..


You could see an orc priest, an adder and an orc.

Vanquished Creatures
  An adder (D:3)
  An ooze (D:1)
  3 giant cockroaches (D:2)
  5 goblins
  2 hobgoblins (D:1)
  4 bats
  4 frilled lizards
  9 kobolds
  3 rats
32 creatures vanquished.

Vanquished Creatures (collateral kills)
  2 adders
  A worm (D:3)
  3 orcs (D:3)
  2 goblins (D:1)
  2 hobgoblins (D:1)
10 creatures vanquished.

Grand Total: 42 creatures vanquished

Notes
Turn   | Place    | Note
-------+----------+-------------------------------------------
     0 | D:1      | Patchouli the Demigod Transmuter began the quest for the Orb.
     0 | D:1      | Reached XP level 1. HP: 15/15 MP: 5/5
    68 | D:2      | Reached skill level 1 in Fighting
   282 | D:1      | Reached XP level 2. HP: 23/23 MP: 4/7
   289 | D:1      | Learned a level 2 spell: Sticks to Snakes
   416 | D:1      | Reached skill level 3 in Unarmed Combat
   663 | D:1      | Reached XP level 3. HP: 23/28 MP: 6/8
   668 | D:1      | Learned a level 3 spell: Spider Form
  1133 | D:3      | Killed from afar by an orc priest

Skill      XL: |  1  2 |
---------------+-------+-----
Fighting       | 1 |  1.4
Dodging        | 2 |  2.0
Spellcasting   | 2 |  2.1
Unarmed Combat | 3 |  3.3
Transmutations | 2 |  2.4
Poison Magic   | |  0.3

Action                   || total
-------------------------++-------
Melee: Unarmed           ||    90
       Kick              ||     3
       Headbutt          ||    10
 Cast: Beastly Appendage ||    27
       Sticks to Snakes  ||    15
 Stab: Sleeping          ||     3
  Eat: Chunk             ||     2
Armor: Robe              ||    19
Dodge: Dodged            ||    49
